 Dungeon Crawl Stone Soup version 0.14-a0-788-g14b720c (webtiles) character file.

987 Mordant the Cutter (level 8, -7/50 HPs)
             Began as a Formicid Hunter on Nov 10, 2013.
             Succumbed to a kobold's poison
             ... on Level 4 of the Dungeon.
             The game lasted 00:10:49 (4989 turns).

Mordant the Cutter (Formicid Hunter)                Turns: 4989, Time: 00:10:50

HP  -7/50        AC  6     Str 19      XL: 8   Next: 18%
MP   7/7         EV 10     Int 11      God:
Gold 287         SH  0     Dex 12      Spells:  0 memorised,  7 levels left

Res.Fire  : . . .   See Invis. : +   h - +2 dagger (venom)
Res.Cold  : . . .   Warding    : .   g - +0 ring mail
Life Prot.: . . .   Conserve   : .   (no shield)
Res.Poison: x       Res.Corr.  : .   (helmet unavailable)
Res.Elec. : .       Clarity    : .   (no cloak)
Sust.Abil.: + .     Spirit.Shd : .   (no gloves)
Res.Mut.  : +       Stasis     : +   (no boots)
Res.Rott. : .       Flight     : .   D - amulet of resist mutation {unknown}
Saprovore : . . .                    s - ring of sustain abilities
                                     e - +1 ring of intelligence

@: extremely poisoned, somewhat resistant to hostile enchantments, very
unstealthy
A: permanent stasis, dig shafts and tunnels, four strong arms, poison weakness,
antennae 3, exoskeleton 1
a: Dig, Shaft Self


You were on level 4 of the Dungeon.
You were hungry.

You visited 1 branch of the dungeon, and saw 4 of its levels.

You collected 287 gold pieces.

Inventory:

Hand weapons
 a - a +0,+0 short sword
 b - a +0,+0 dwarven mace
 h - a +2,+2 dagger of venom (weapon)
 l - a +0,+0 whip
 u - a -2,-1 dagger
 w - a -3,-2 whip
 B - the +8,+4 hand axe of Amaolooc {chop, rC+ Int+2 Stlth+}
   (You found it on level 4 of the Dungeon)

   It inflicts extra damage upon your enemies.
   It affects your intelligence (+2).
   It protects you from cold.
   It makes you much more stealthy.
Missiles
 c - 2 throwing nets
 x - 5 large rocks (quivered)
Armour
 d - a +0 leather armour
 g - a +0 ring mail (worn)
Comestibles
 f - 4 bread rations
 j - 3 rotting chunks of ogre flesh
 n - a meat ration
 p - a slice of pizza
 r - an apple
Scrolls
 i - a scroll of identify
 m - 4 scrolls of remove curse
 v - 3 scrolls of noise {unknown}
 y - 2 scrolls of amnesia {unknown}
 A - a scroll of magic mapping {unknown}
 F - 2 scrolls of enchant weapon I {unknown}
 H - a scroll of recharging {unknown}
Jewellery
 e - a +1 ring of intelligence (left hand)
 s - a ring of sustain abilities (right hand)
 D - an amulet of resist mutation (around neck) {unknown}
Potions
 t - a potion of brilliance {unknown}
 z - a potion of slowing {unknown}


   Skills:
 - Level 2.4 Fighting
 + Level 7.8 Short Blades
 - Level 2.8 Maces & Flails
 - Level 3.4 Throwing
 - Level 1.0 Armour
 - Level 1.8 Dodging
 - Level 1.2 Stealth


You had 7 spell levels left.
You didn't know any spells.

Dungeon Overview and Level Annotations

Branches:
Dungeon (4/27)
 Temple: D:4-7

Altars:


Innate Abilities, Weirdness & Mutations

Your are under a permanent stasis effect.
You can dig through walls and to a lower floor.
Your four strong arms can wield any weapon, most with a shield.
You are susceptible to poison.
You have a pair of large antennae on your head (SInv).
Your body is surrounded by an exoskeleton. (HP +5, AC +1)


Message History

The kobold shoots a poisoned needle.
The poisoned needle hits you!
You are more poisoned.
You see here a poisoned needle.
Unknown command.
You feel extremely sick.
The kobold unwields an uncursed blowgun.
The kobold wields an uncursed runed short sword.
The kobold closely misses you.
Unknown command.
You hit the kobold.
You kill the kobold!
* * * LOW HITPOINT WARNING * * *
You feel extremely sick.
* * * LOW HITPOINT WARNING * * *
You feel very sick.
You feel a little better.
Things that are here:
an uncursed runed short sword; an uncursed blowgun; 5 poisoned needles a kobold corpse You die...

......................
.......................
............(..........#
..........(.((.........#
..............(........#
...............(.......#
......................##
...............)....##
..............@...##
...............##
.............##
.........## .......##
.....## ...# .#


There were no monsters in sight!

Vanquished Creatures
  2 ogres (D:4)
  Sigmund (D:4)
  Blork the orc (D:4)
  A giant frog (D:4)
  An orc priest (D:3)
  A scorpion (D:4)
  An orc wizard (D:3)
  3 worker ants (D:4)
  6 adders
  An inept item mimic (D:2)
  2 worms
  5 giant geckos
  An ooze (D:3)
  7 orcs (D:3)
  4 ball pythons
  10 bats
  3 giant cockroaches
  9 hobgoblins
  10 jackals
  15 kobolds
  2 quokkas
  6 giant newts
  12 goblins
  6 rats
110 creatures vanquished.

Notes
Turn   | Place    | Note
--------------------------------------------------------------
     0 | D:1      | Mordant, the Formicid Hunter, began the quest for the Orb.
     0 | D:1      | Reached XP level 1. HP: 17/17 MP: 0/0
    81 | D:1      | Reached XP level 2. HP: 14/22 MP: 1/1
  1069 | D:1      | Reached skill level 1 in Armour
  1161 | D:1      | Reached XP level 3. HP: 26/26 MP: 2/2
  1212 | D:2      | Reached skill level 1 in Maces & Flails
  1675 | D:2      | Reached XP level 4. HP: 24/32 MP: 3/3
  2412 | D:3      | Reached XP level 5. HP: 28/36 MP: 4/4
  2847 | D:3      | Reached XP level 6. HP: 31/41 MP: 5/5
  3356 | D:4      | Got a faintly glowing hand axe
  3357 | D:4      | Identified the +8,+4 hand axe of Amaolooc {chop, rC+ Int+2 Stlth+} (You found it on level 4 of the Dungeon)
  3357 | D:4      | Identified the +8,+4 hand axe of Amaolooc {chop, rC+ Int+2 Stlth+} (You found it on level 4 of the Dungeon)
  3386 | D:4      | Reached skill level 4 in Short Blades
  3561 | D:4      | Noticed an ogre
  3604 | D:4      | Killed an ogre
  3604 | D:4      | Reached skill level 5 in Short Blades
  3604 | D:4      | Reached XP level 7. HP: 40/45 MP: 6/6
  3924 | D:4      | Noticed Blork the orc
  3944 | D:4      | Killed Blork the orc
  4119 | D:4      | Reached skill level 6 in Short Blades
  4506 | D:4      | Noticed Sigmund
  4520 | D:4      | Killed Sigmund
  4520 | D:4      | Reached skill level 7 in Short Blades
  4524 | D:4      | Reached XP level 8. HP: 24/50 MP: 7/7
  4988 | D:4      | HP: 1/50 [poisoned by a kobold]
  4989 | D:4      | Succumbed to a kobold's poison

Action                   |  1- 3 |  4- 6 |  7- 9 || total
-------------------------+-------+-------+-------++-------
Melee: Short sword       |    43 |       |       ||    43
       Whip              |    78 |    41 |       ||   119
       Dagger            |       |   187 |    76 ||   263
Throw: Large rock        |     1 |     9 |       ||    10
  Use: Scroll            |     5 |     7 |       ||    12
       Potion            |       |     2 |     2 ||     4
